 Dungeon Crawl Stone Soup version 0.25-a0-265-g7af84ae0ac (webtiles) character file.

Game seed: 3305825328185273422, levelgen mode: deterministic

541 Redear the Sneak (level 7, -2/49 HPs)
             Began as an Octopode Fighter on Dec 8, 2019.
             Slain by a quokka (3 damage)
             ... on level 4 of the Dungeon.
             The game lasted 00:04:50 (2516 turns).

Redear the Sneak (Octopode Fighter)                 Turns: 2516, Time: 00:04:50

Health: -2/49      AC:  1    Str: 15    XL:     7   Next: 26%
Magic:  7/7        EV: 13    Int: 10    God:
Gold:   193        SH:  0    Dex: 14    Spells: 6/6 levels left

rFire    . . .     SeeInvis .   e - +2 whip (venom)
rCold    . . .     Gourm    .   b - +0 shield
rNeg     . . .     Faith    .   (helmet restricted)
rPois    .         Spirit   .   (no amulet)
rElec    .         Reflect  .   (no ring)
rCorr    .         Harm     .   (no ring)
MR       .....                  (no ring)
Stlth    ++........             (no ring)
HPRegen  0.16/turn              (no ring)
MPRegen  0.10/turn              (no ring)
                                (no ring)
                                (no ring)

@: confused, flying, very slightly contaminated, invisible
A: almost no armour, stealthy swim, amphibious, 8 rings, constrict 8, camouflage
1, gelatinous body 1
a: no special abilities


You were on level 4 of the Dungeon.
You were not hungry.

You visited 1 branch of the dungeon, and saw 4 of its levels.

You collected 193 gold pieces.

Inventory:

Hand Weapons
 a - a +0 long sword
 e - a +2 whip of venom (weapon)
 k - a +3 vampiric scythe {!w}
Missiles
 u - 13 poisoned darts (quivered)
Armour
 b - a +0 shield (worn)
Jewellery
 d - a cursed -3 ring of protection {unknown}
 g - an uncursed amulet of magic regeneration {unknown}
Wands
 S - a wand of scattershot (3)
Scrolls
 f - 3 scrolls of identify {unknown}
 h - 2 scrolls of blinking {unknown}
 i - 2 scrolls of remove curse {unknown}
 m - 2 scrolls of amnesia {unknown}
 n - 2 scrolls of random uselessness {unknown}
 o - a scroll of immolation {unknown}
 q - 2 scrolls of teleportation {unknown}
Potions
 c - a potion of might {Str+5 DMG+1d10 | @q3}
 j - a potion of degeneration {unknown}
 l - a potion of flight
 p - a potion of berserk rage {unknown}
 r - a potion of heal wounds {unknown}
 s - a potion of cancellation {unknown}
 t - a potion of invisibility
Comestibles
 v - 10 chunks of flesh
 z - 7 rations


   Skills:
 + Level 4.4 Fighting
 - Level 2.6 Long Blades
 + Level 2.4 Maces & Flails
 + Level 4.4 Dodging
 + Level 4.5 Stealth
 + Level 4.4 Shields


You had 6 spell levels left.
You didn't know any spells.
Your spell library was empty.

Dungeon Overview and Level Annotations

Branches:
Dungeon (4/15)
 Temple: D:4-7

Altars:
Okawaru
Wu Jian


Innate Abilities, Weirdness & Mutations

You cannot wear most types of armour.
You are very stealthy in the water. (Stealth+)
You are amphibious.
You can wear up to eight rings at the same time.
You can use your tentacles to constrict eight enemies at once.
Your skin changes colour to match your surroundings (Stealth+).
Your rubbery body absorbs attacks. (AC +1, EV +1)


Message History

You are more confused.
The quokka misses you.
It was a potion of invisibility.
You fade into invisibility!
The quokka barely misses you. The quokka completely misses you.
You are very lightly contaminated with residual magic.
You bump into the rock wall.
The orc barely misses you. Something hits you but does no damage.
The quokka bites you.
* * * LOW HITPOINT WARNING * * *
You take 1 damage, and have 8/49 hp.
You bump into the rock wall.
Something hits you.
* * * LOW HITPOINT WARNING * * *
The orc misses you.
An orc comes into view. It is wielding a +0 dagger.
The quokka closely misses you.
You take 4 damage, and have 4/49 hp.
You're too confused to move!
The orc closely misses you. Something hits you.
* * * LOW HITPOINT WARNING * * *
The quokka bites you.
You die...

######## #......#
#.....^########
#......#......#
#......#......#######
##......#.....o.....<#
....._)[).....o@######
#########....[r.#
#.......# #######
#.......### #.....#
#o###.....###.###.#
#h#####.###.#...)รท..#
#.# ...............>#####
#.#
..#####.###.#...........#
#.........#########


You could see 3 orcs and a quokka.

Vanquished Creatures
  Sigmund (D:2)
  2 howler monkeys (D:4)
  An orc priest (D:4)
  An orc wizard (D:4)
  Ijyb (D:3)
  An iguana (D:3)
  3 gnolls (D:2)
  6 adders (D:2)
  4 oozes
  2 worms
  2 dart slugs (D:2)
  2 leopard geckos (D:2)
  18 orcs
  5 giant cockroaches
  4 goblins
  5 hobgoblins
  3 jackals (D:4)
  A ball python (D:1)
  2 bats
  5 frilled lizards
  8 kobolds
  12 rats
89 creatures vanquished.

Vanquished Creatures (others)
  A rat (D:3)
1 creature vanquished.

Grand Total: 90 creatures vanquished

Notes
Turn   | Place    | Note
-------+----------+-------------------------------------------
     0 | D:1      | Redear the Octopode Fighter began the quest for the Orb.
     0 | D:1      | Reached XP level 1. HP: 16/16 MP: 1/1
    93 | D:1      | Reached XP level 2. HP: 21/21 MP: 2/2
   146 | D:1      | Reached skill level 1 in Stealth
   521 | D:2      | Reached XP level 3. HP: 26/26 MP: 3/3
   628 | D:2      | Reached skill level 2 in Stealth
   628 | D:2      | Reached XP level 4. HP: 13/31 MP: 4/4
   733 | D:2      | HP: 3/31 [poisoned by a gnoll]
   741 | D:2      | HP: 2/31 [poisoned by a gnoll]
  1085 | D:2      | Reached XP level 5. HP: 36/36 MP: 5/5
  1088 | D:2      | Noticed Sigmund
  1107 | D:2      | Killed Sigmund
  1107 | D:2      | Reached skill level 4 in Fighting
  1107 | D:2      | Reached skill level 1 in Maces & Flails
  1107 | D:2      | Reached skill level 4 in Dodging
  1107 | D:2      | Reached skill level 3 in Stealth
  1107 | D:2      | Reached skill level 4 in Shields
  1107 | D:2      | Reached XP level 6. HP: 23/43 MP: 6/6
  1363 | D:2      | Found a faded altar of an unknown god.
  1664 | D:3      | Noticed Ijyb
  1672 | D:3      | Killed Ijyb
  2056 | D:3      | Reached skill level 4 in Stealth
  2098 | D:3      | Reached skill level 2 in Maces & Flails
  2114 | D:3      | Found an iron altar of Okawaru.
  2361 | D:4      | Found an ornate altar of the Wu Jian Council.
  2396 | D:4      | Reached XP level 7. HP: 17/49 MP: 7/7
  2515 | D:4      | HP: 4/49 [something (4)]
  2516 | D:4      | HP: 1/49 [something (3)]
  2516 | D:4      | Slain by a quokka

Levels and vault maps discovered:
D:1:      dpeg_arrival_stonehenge_8_columns, layout_rooms, grunt_decor_arrowhead
D:2:      layout_loops_ring, chequers_ecumenical_altar_simple,
          minmay_heptomino_o4, uniq_sigmund
D:3:      layout_loops_cross, nicolae_overflow_hidden_temple, first_ration,
          uniq_ijyb
D:4:      layout_basic, makhleb_blood_cavern_becter, overflow_temple_1_default,
          serial_shops, shop, nicolae_shop_waterfront, uniq_grinder,
          uniq_natasha

Skill      XL: |  1  2  3  4  5  6 |
---------------+-------------------+-----
Stealth        | 1 2 3 4 |  4.5
Fighting       | 4 |  4.4
Maces & Flails | 1 2 |  2.4
Dodging        | 4 |  4.4
Shields        | 4 |  4.4
Long Blades    | |  2.6

Action                   |  1- 3 |  4- 6 |  7- 9 || total
-------------------------+-------+-------+-------++-------
Melee: Long sword        |    41 |    22 |       ||    63
       Tentacles         |     9 |    29 |     3 ||    41
       Constrict         |     7 |    33 |     6 ||    46
       Whip              |       |    96 |    14 ||   110
  Use: Potion            |       |     3 |     2 ||     5
 Stab: Sleeping          |     5 |     7 |       ||    12
       Distracted        |       |     1 |       ||     1
  Eat: Chunk             |       |     4 |     1 ||     5
Armor: Skin              |     3 |     5 |     1 ||     9
Dodge: Dodged            |     9 |    51 |    11 ||    71
Block: Shield            |    13 |    50 |     5 ||    68
       Rpst.: Long sword |     1 |     1 |       ||     2

Table legend:
 A = Non-vault XP
 B = Vault XP
 C = Vault XP percentage of total XP
 D = Non-vault monster count
 E = Vault monster count
 F = Vault count percentage of total count
                 A         B        C        D         E       F
            +---------+---------+-------+---------+---------+-------
      Total |     507 |     266 |  34.4 |      83 |       6 |   6.7
            +---------+---------+-------+---------+---------+-------
        D:1 |      30 |       0 |   0.0 |      13 |       0 |   0.0
        D:2 |     162 |     230 |  58.7 |      29 |       5 |  14.7
        D:3 |     114 |      36 |  24.0 |      32 |       1 |   3.0
        D:4 |     201 |       0 |   0.0 |       9 |       0 |   0.0
            +---------+---------+-------+---------+---------+-------
